 Dungeon Crawl Stone Soup version 0.28.0-47-ge53b351184 (webtiles) character file.

Game seed: 11544169455803336054

797 101zpm the Magician (level 8, 0/50 HPs)
             Began as a Djinni Fire Elementalist on Apr 30, 2022.
             Shot with a stone by a goblin (2 damage)
             ... led by Robin
             ... on level 4 of the Dungeon.
             The game lasted 00:11:06 (6656 turns).

101zpm the Magician (Djinni Fire Elementalist)      Turns: 6656, Time: 00:11:06

Health: 0/50       AC:  4    Str:  7    XL:     8   Next: 13%
Gold:   162        EV: 12    Int: 20    God:
                   SH:  0    Dex: 13

rFire   + + .      SeeInvis .   (no weapon)
rCold   x . .      Faith    .   (no shield)
rNeg    . . .      Spirit   .   a - +0 robe
rPois   ∞          Reflect  .   (no helmet)
rElec   .          Harm     .   o - +1 cloak
rCorr   .          Rampage  .   (no gloves)
Will    .....                   (boots unavailable)
Stlth   ++........              (no amulet)
HPRegen 0.16/turn               (no ring)
MPRegen 0.00/turn               (no ring)

@: flying
A: sickness immunity, fire resistance 2, cold vulnerability 1, float, innate
caster, HP casting, extra vitality 1
a: no special abilities


You were on level 4 of the Dungeon.
You visited 1 branch of the dungeon, and saw 4 of its levels.

You collected 162 gold pieces.

Inventory:

Missiles
 j - a throwing net
Armour
 a - a +0 robe (worn)
 o - a +1 cloak (worn)
Wands
 k - a wand of flame (30)
 q - a wand of paralysis (10)
Scrolls
 b - 2 scrolls of identify {unknown}
 c - 4 scrolls of enchant armour {unknown}
 d - 2 scrolls of noise {unknown}
 e - a scroll of torment {unknown}
 h - 2 scrolls of fog {unknown}
 m - a scroll of amnesia {unknown}
 n - a scroll of teleportation {unknown}
 s - a scroll of holy word {unknown}
Potions
 f - 3 potions of heal wounds {unknown}
 g - a potion of cancellation {unknown}
 i - 4 potions of curing {unknown}
 l - a potion of mutation {unknown}
 p - a potion of ambrosia {unknown}
 r - a potion of brilliance {unknown}


   Skills:
 + Level 2.5 Dodging
 + Level 3.4 Stealth
 + Level 6.4 Spellcasting


You couldn't memorise any spells.
You knew the following spells:

 Your Spells              Type           Power      Damage    Failure   Level
a - Foxfire               Conj/Fire      100%       2x1d9     1%          1
b - Scorch                Fire           64%        2d8       1%          2
c - Conjure Flame         Conj/Fire      32%        6-21      2%          3
d - Inner Flame           Hex/Fire       32%        N/A       2%          3
e - Flame Wave            Conj/Fire      32%        2d8       7%          4
f - Animate Skeleton      Necr           64%        N/A       1%          1
g - Ensorcelled Hibernat  Hex/Ice        64%        N/A       1%          2
h - Stone Arrow           Conj/Erth      64%        3d11      2%          3
Your spell library was empty.

Dungeon Overview and Level Annotations

Branches:
Dungeon (4/15)
 Temple: D:4-7

Altars:
Hepliaklqana
Sif Muna

Shops:
D:1 [   D:3 ?


Innate Abilities, Weirdness & Mutations

You are immune to sickness and miasma.
You are immune to poison.
Your flesh is very heat resistant. (rF++)
You are vulnerable to cold. (rC-)
You float through the air rather than walking.
You learn spells naturally, not from books.
Your magical power is your life essence.
You have superior vitality. (+4 MHP)


Message History

You miscast Inner Flame.
You are very lightly contaminated with residual magic.
Nothing appears to happen.
* * * LOW HITPOINT WARNING * * *
Casting: Inner Flame (dangerous; 2% risk of failure)
Confirm with . or Enter, or press ? or * to list all spells.
Aiming: Inner Flame (dangerous; 2% risk of failure)
Press: ? - help, Dir - move target, f/p - Robin
Aim: Robin, wielding a +0 whip, wearing a +0 animal skin, wearing a +0 helmet and carrying a wand of polymorph (9) (chance to affect: 89%)
Okay, then.
Unknown command.
You are too injured to fight recklessly!
Casting: Foxfire (safe; 1% risk of failure)
Press: ? - help, Q - select action, (/) - cycle Dir - look around, f - activate You conjure some foxfire!
* * * LOW HITPOINT WARNING * * *
Casting: Foxfire (safe; 1% risk of failure)
Confirm with . or Enter, or press ? or * to list all spells.
Aiming: Inner Flame (dangerous; 2% risk of failure)
Press: ? - help, Dir - move target, f - Robin
Aim: Robin, wielding a +0 whip, wearing a +0 animal skin, wearing a +0 helmet and carrying a wand of polymorph (9) (ally target, chance to affect: 89%) Robin is filled with an inner flame.
* * * LOW HITPOINT WARNING * * *
The foxfire hits Robin.
Flame seeps out of Robin.
Robin is moderately wounded.
Robin is engulfed in blazing flames.
Flame seeps out of Robin.
Robin says, "My army is invincible!"
Robin zaps a wand.
You easily resist.
Casting: Foxfire (safe; 1% risk of failure)
Press: ? - help, Q - select action, (/) - cycle Dir - look around, f - activate You conjure some foxfire!
* * * LOW HITPOINT WARNING * * *
Robin is engulfed in blazing flames.
Robin explodes!
Your foxfire dissipates!
You start resting.
A goblin comes into view. It is wielding a +0 dagger.
Your magical contamination has completely faded away.
The goblin unwields a +0 dagger.
The goblin wields a +0 hunting sling.
The goblin shoots a stone.
The stone hits you.
You die...

#..≈.#.....≈
#..≈.#._.#.≈
############..≈.....#.≈
)#.g#....#..##.≈.#####.≈
)).)')...#...#.≈.......≈
.#.)#.(..'...#.≈≈≈≈≈≈≈≈≈
#....#...#..........
#....#...#....#..#..
#..@.#...#....+.....
#....#...#....#.....
#....#...#....#.....
.#....#'###....#..###
.'....#...+....#.(#..
.#..).#...#....#..'..
.####....#'###....####..
..........).............
.......<....[...........


You could see a goblin.

Vanquished Creatures
  Duvessa (D:4)
  A water moccasin (D:4)
  A sky beast (D:4)
  Blork the orc (D:4)
  A scorpion (D:4)
  Dowan (D:4)
  An orc priest (D:3)
  Jessica (D:2)
  Natasha (thrice) (D:3)
  An iguana (D:3)
  An orc wizard (D:3)
  Robin (D:4)
  4 adders
  A shadow imp (D:3)
  A dart slug (D:2)
  A worm (D:2)
  10 orcs
  4 bats
  2 endoplasms
  8 hobgoblins
  10 jackals
  4 quokkas
  2 ball pythons
  2 frilled lizards (D:2)
  16 goblins
  5 kobolds
  A quokka skeleton (D:4)
  8 rats
93 creatures vanquished.

Vanquished Creatures (others)
  275 foxfires
275 creatures vanquished.

Grand Total: 368 creatures vanquished

Notes
Turn   | Place    | Note
-------+----------+-------------------------------------------
     0 | D:1      | 101zpm the Djinni Fire Elementalist began the quest for the
                  | Orb.
     0 | D:1      | Reached XP level 1. HP: 15/15 MP: 0/0
    46 | D:1      | Reached XP level 2. HP: 1/21 MP: 0/0
   929 | D:1      | Found a faded altar of an unknown god.
  1160 | D:1      | Reached skill level 3 in Spellcasting
  1459 | D:1      | Reached XP level 3. HP: 22/25 MP: 0/0
  1459 | D:1      | Learned a level 1 spell: Animate Skeleton
  1908 | D:1      | Found Mugh's Armour Shoppe.
  2695 | D:2      | Reached XP level 4. HP: 27/31 MP: 0/0
  3117 | D:2      | Noticed Jessica
  3119 | D:2      | Killed Jessica
  3362 | D:2      | Reached XP level 5. HP: 22/35 MP: 0/0
  3362 | D:2      | Learned a level 2 spell: Ensorcelled Hibernation
  4055 | D:3      | Found Ratept's Magic Scroll Shoppe.
  4105 | D:4      | Reached skill level 4 in Spellcasting
  4109 | D:4      | Noticed Duvessa
  4109 | D:4      | Noticed Dowan
  4110 | D:4      | Noticed Natasha
  4116 | D:3      | Killed Natasha
  4481 | D:3      | Noticed Natasha
  4489 | D:3      | Killed Natasha
  4490 | D:3      | Reached XP level 6. HP: 19/40 MP: 0/0
  4814 | D:3      | Noticed Natasha
  4815 | D:3      | Killed Natasha
  5976 | D:4      | Reached skill level 5 in Spellcasting
  5976 | D:4      | Noticed Blork the orc
  5981 | D:4      | Killed Blork the orc
  5982 | D:4      | Reached XP level 7. HP: 20/45 MP: 0/0
  5982 | D:4      | Learned a level 3 spell: Stone Arrow
  6549 | D:4      | Found a hazy altar of Hepliaklqana.
  6611 | D:4      | Noticed a water moccasin
  6613 | D:4      | Killed a water moccasin
  6614 | D:4      | Reached skill level 6 in Spellcasting
  6631 | D:4      | Killed Duvessa
  6632 | D:4      | Reached XP level 8. HP: 30/50 MP: 0/0
  6633 | D:4      | Noticed Robin
  6641 | D:4      | Killed Dowan
  6651 | D:4      | Killed Robin
  6656 | D:4      | Shot with a stone by a goblin

Illustrated notes

Levels and vault maps discovered:
D:1:      psy_arrival_basics, layout_loops_corners, basic_ecumenical_altar,
          serial_shops, shop
D:2:      layout_loops_ring, kennysheep_generic_room_5, uniq_jessica
D:3:      layout_loops_ring, lemuel_blue_sif_altar, serial_shops, shop_fountains
D:4:      layout_gridville, mainiacjoe_overflow_brackets, uniq_natasha,
          uniq_blork_the_orc, uniq_duvessa, uniq_robin

Skill      XL: |  1  2  3  4  5  6  7 |
---------------+----------------------+-----
Spellcasting   | 3 4 5 6 |  6.4
Stealth        | 2 3 |  3.4
Dodging        | |  2.5

Action                   |  1- 3 |  4- 6 |  7- 9 || total
-------------------------+-------+-------+-------++-------
 Cast: Foxfire           |   109 |    61 |    23 ||   193
       Scorch            |     1 |    12 |     3 ||    16
       Inner Flame       |       |    28 |    15 ||    43
Armor: Robe              |     2 |     1 |       ||     3
Dodge: Dodged            |     8 |     4 |       ||    12
